 Dungeon Crawl Stone Soup version 0.27.1 (webtiles) character file.

Game seed: 10934078406066067573

147 zedzed the Sneak (level 5, -7/21 (24) HPs)
             Began as a Spriggan Enchanter on Aug 27, 2021.
             Mangled by a gnoll (15 damage)
             ... on level 4 of the Dungeon.
             The game lasted 00:18:56 (4172 turns).

zedzed the Sneak (Spriggan Enchanter)               Turns: 4172, Time: 00:18:57

HP:   -7/21 (24)    AC:  2    Str:  5    XL:     5   Next: 7%
MP:   7/11          EV: 17    Int: 17    God:
Gold: 3             SH:  0    Dex: 15    Spells: 8/11 levels left

rFire    . . .     SeeInvis +   n - +5 short sword
rCold    + . .     Faith    .   (shield restricted)
rNeg     . . .     Spirit   .   b - +0 robe
rPois    .         Reflect  .   (helmet restricted)
rElec    .         Harm     .   (no cloak)
rCorr    .         Rampage  .   (gloves unavailable)
Will     .....                  (boots unavailable)
Stlth    +++.......             (no amulet)
HPRegen  0.07/turn              g - ring of protection from cold
MPRegen  0.12/turn              (no ring)

@: very slightly contaminated, heavily drained, very quick
A: very small, no large weapons, unfitting armour, see invisible, speed 3
a: no special abilities


You were on level 4 of the Dungeon.
You visited 1 branch of the dungeon, and saw 4 of its levels.

You collected 73 gold pieces.
You spent 70 gold pieces at shops.

Inventory:

Hand Weapons
 a - a +1 dagger
 n - a +5 short sword (weapon)
Missiles
 d - an atropa-tipped dart (quivered)
 i - 16 sling bullets
Armour
 b - a +0 robe (worn)
Jewellery
 g - a ring of protection from cold (left hand)
Scrolls
 c - 4 scrolls of identify
 e - a scroll of brand weapon {unknown}
 f - a scroll of enchant armour {unknown}
 h - a scroll of amnesia {unknown}
 j - 2 scrolls of teleportation {unknown}
 l - a scroll of holy word {unknown}
Potions
 k - a potion of brilliance
 o - a potion of heal wounds


   Skills:
 + Level 2.6 Short Blades
 - Level 2.6 Dodging
 * Level 6.4 Stealth
 + Level 3.6 Spellcasting
 * Level 4.7 Hexes


You had 8 spell levels left.
You knew the following spells:

 Your Spells              Type           Power      Damage    Failure   Level
a - Corona                Hex            21%        N/A       2%          1
b - Ensorcelled Hibernat  Hex/Ice        22%        N/A       10%         2

Your spell library contained the following spells:

 Spells                   Type           Power      Damage    Failure   Level
 Confusing Touch          Hex            19%        N/A       7%          3
 Tukima's Dance           Hex            19%        N/A       7%          3
 Animate Skeleton         Necr           6%         N/A       17%         1
 Apportation              Tloc           6%         N/A       17%         1
 Summon Small Mammal      Summ           12%        N/A       17%         1
 Dazzling Flash           Conj/Hex       22%        N/A       19%         3


Dungeon Overview and Level Annotations

Branches:
Dungeon (4/15)
 Temple: D:4-7

Altars:

Shops:
D:4 *


Innate Abilities, Weirdness & Mutations

You are very small and have problems with some larger weapons.
You are too small for most types of armour.
You have supernaturally acute eyesight. (SInv)
You cover ground extremely quickly. (Speed+++)


Message History

Throw: 4 darts (atropa)
Press: ? - help, Q - select action, (/) - cycle Shift-Dir - straight line, f - gnoll
Aim: a gnoll, wielding a +0 scythe and wearing a +0 robe (61% to hit, chance to blind on hit: 100%)
You throw an atropa-tipped dart. The atropa-tipped dart hits the gnoll.
The gnoll appears confused.
The gnoll mumbles something.
Throw: 3 darts (atropa)
Press: ? - help, Q - select action, (/) - cycle Shift-Dir - straight line, f - gnoll, p - gnoll
Aim: a gnoll, wielding a +0 scythe and wearing a +0 robe (61% to hit, chance to blind on hit: 100%)
You throw an atropa-tipped dart. The atropa-tipped dart hits the gnoll.
The gnoll appears confused.
The gnoll seems less confused.
The gnoll hits the gnoll with a +0 scythe.
Throw: 2 darts (atropa)
Press: ? - help, Q - select action, (/) - cycle Shift-Dir - straight line, f - gnoll, p - gnoll
Aim: a gnoll, wielding a +0 scythe and wearing a +0 robe (moderately wounded, 61% to hit, chance to blind on hit: 100%)
You throw an atropa-tipped dart.
The atropa-tipped dart barely misses the gnoll.
The gnoll seems less confused.
Casting: Ensorcelled Hibernation (safe; 10% risk of failure)
Confirm with . or Enter, or press ? or * to list all spells.
Aiming: Ensorcelled Hibernation (safe; 10% risk of failure)
Press: ? - help, Shift-Dir - straight line, f/p - gnoll
Aim: a gnoll, wielding a +0 scythe and wearing a +0 robe (moderately wounded, chance to affect: 50%)
You miscast Ensorcelled Hibernation.
You are very lightly contaminated with residual magic.
Nothing appears to happen.
The gnoll misses you.
Casting: Ensorcelled Hibernation (safe; 10% risk of failure)
Confirm with . or Enter, or press ? or * to list all spells.
Aiming: Ensorcelled Hibernation (safe; 10% risk of failure)
Press: ? - help, Shift-Dir - straight line, f/p - gnoll
Aim: a gnoll, wielding a +0 scythe and wearing a +0 robe (moderately wounded, chance to affect: 50%)
The gnoll looks drowsy...
The gnoll is no longer blind.
The gnoll is no longer blind.
The gnoll closely misses you.
You hit the gnoll but do no damage. The gnoll hits you with a +0 scythe!
The gnoll hits you from afar with a +0 scythe.
The gnoll completely misses you.
The gnoll hits you from afar with a +0 scythe!
Ouch! That really hurt!
You die...

.#....#..........#
.##...##########.#
.##.>.##......<#.#
.##...##.#####.#.#
.##...##.#.....#.#
.##...##.....#.#†#
###...#......#.#.#
#..........#.#.#
#.....∩....#.#@#
#..........#.#.#
#..##...#.##.#g###
#..#.........#gg.#
#..#.###.....#(..#
#..#.........#...#
#..############'##
#............#.(.#
####.###########...#


You could see 3 gnolls.

Vanquished Creatures
  An orc priest (D:3)
  5 adders
  A worm (D:3)
  2 dart slugs
  4 orcs (D:3)
  2 ball pythons
  6 bats
  4 endoplasms
  2 giant cockroaches
  A goblin (D:3)
  5 hobgoblins
  3 jackals (D:4)
  6 quokkas
  9 kobolds
  7 rats
58 creatures vanquished.

Notes
Turn   | Place    | Note
-------+----------+-------------------------------------------
     0 | D:1      | zedzed the Spriggan Enchanter began the quest for the Orb.
     0 | D:1      | Reached XP level 1. HP: 9/9 MP: 5/5
   122 | D:1      | Found a faded altar of an unknown god.
   122 | D:1      | Noticed a ynoxinul
   199 | D:1      | Reached XP level 2. HP: 13/13 MP: 6/6
   254 | D:1      | You fall into a shaft and drop 1 floor!
   458 | D:2      | Reached skill level 5 in Stealth
   846 | D:2      | Reached XP level 3. HP: 16/16 MP: 8/8
   868 | D:1      | Learned a level 2 spell: Ensorcelled Hibernation
  2004 | D:3      | Reached XP level 4. HP: 21/21 MP: 1/9
  2475 | D:3      | HP: 1/21 [kobold (8)]
  3102 | D:3      | Reached skill level 6 in Stealth
  3497 | D:3      | Reached XP level 5. HP: 22/24 MP: 7/11
  3707 | D:4      | Found Hagept's Humungous Hoard.
  3712 | D:4      | Bought a potion of heal wounds for 70 gold pieces
  3778 | D:4      | Noticed a necrophage
  4172 | D:4      | Mangled by a gnoll

Illustrated notes

Levels and vault maps discovered:
D:1:      nicolae_arrival_memento_mori, layout_basic,
          dreamdust_ecumenical_altar_sealed_demon, chequers_arboretum
D:2:      layout_loops_cross, chequers_serial_rivers_micro_a
D:3:      layout_basic, gup_sewer_entry_bubbles
D:4:      layout_basic, nemelex_spade_bored_becter, serial_shops, shop_statue,
          nicolae_alphabet_shops, sigmund_army, uniq_sigmund

Skill      XL: |  1  2  3  4 |
---------------+-------------+-----
Stealth        | 5 6 |  6.4
Spellcasting   | 3 |  3.6
Short Blades   | 2 |  2.6
Hexes          | 4 |  4.7
Dodging        | |  2.6

Action                   |  1- 3 |  4- 6 || total
-------------------------+-------+-------++-------
Melee: Dagger            |    87 |    12 ||    99
       Short sword       |       |    39 ||    39
Throw: Dart              |     9 |    14 ||    23
 Cast: Ensorcelled Hiber |    18 |    28 ||    46
  Use: Scroll            |     1 |     1 ||     2
       Potion            |       |     1 ||     1
 Stab: Sleeping          |    22 |    16 ||    38
       Invisible         |     2 |     1 ||     3
Armor: Robe              |     8 |     1 ||     9
Dodge: Dodged            |    50 |    25 ||    75
